MLB
TORONTO BLUE JAYS @ NEW YORK YANKEES
03/13/2049
 
TOP OF THE 1ST
Toronto Blue Jays batting - Pitching for New York Yankees : RHP Bret Davies
Pitching: RHP Bret Davies
Batting: RHB Donny Burnside 0-0: Called Strike
0-1: Swinging Strike
0-2: Foul Ball, location: 2F
0-2: Ball
1-2: Ball
2-2: Ball
3-2: Base on Balls
Batting: RHB Danny Burnside 0-0: Foul Ball, location: 2F
0-1: Ball
Donny Burnside steals 2nd base
1-1: Swinging Strike
1-2: Foul Ball, location: 2F
1-2: Strikes out swinging
Batting: LHB Willis Robles 0-0: Ball
1-0: Ground out U3 (Groundball, 34, EV 78.8 MPH)
Donny Burnside to third
Batting: SHB Dominik Hasek II 0-0: Called Strike
0-1: Foul Ball, location: 2F
0-2: SINGLE (Groundball, 25, EV 64.4 MPH) (infield hit)
Donny Burnside scores
Batting: RHB C.J. Richerson 0-0: Called Strike
0-1: Ball
Dominik Hasek II is caught stealing 2nd base 2-4
Top of the 1st over - 1 run, 1 hit, 0 errors, 0 left on base; Toronto 1 - New York 0
BOTTOM OF THE 1ST
New York Yankees batting - Pitching for Toronto Blue Jays : RHP Tony Rios
Pitching: RHP Tony Rios
Batting: RHB Jose Tovar 0-0: Swinging Strike
0-1: Foul Ball, location: 2F
0-2: Ball
1-2: Foul Ball, location: 2F
1-2: Strikes out swinging
Batting: LHB Joel Vera 0-0: Ball
1-0: Foul Ball, location: 2F
1-1: Ball
2-1: Fly out, F7 (Line Drive, 78S, EV 106.2 MPH)
Batting: SHB Mukhtar Wa'il 0-0: Called Strike
0-1: Ball
1-1: Ball
2-1: Called Strike
2-2: Foul Ball, location: 2F
2-2: Strikes out swinging
Bottom of the 1st over - 0 runs, 0 hits, 0 errors, 0 left on base; Toronto 1 - New York 0
TOP OF THE 2ND
Toronto Blue Jays batting - Pitching for New York Yankees : RHP Bret Davies
Batting: RHB C.J. Richerson 0-0: Ball
1-0: Ball
2-0: Ball
3-0: Called Strike
3-1: Called Strike
3-2: SINGLE (Groundball, 34D, EV 102.5 MPH)
Batting: LHB Michael Byrd 0-0: Ball
1-0: Ball
C.J. Richerson steals 2nd base (no throw)
2-0: Called Strike
2-1: SINGLE (Groundball, 6MD, EV 103.1 MPH)
C.J. Richerson to third
Batting: RHB Mike Harkins 0-0: Ball
1-0: Called Strike
Michael Byrd steals 2nd base
1-1: SINGLE (Flyball, 8LS, EV 96.9 MPH)
C.J. Richerson scores
Michael Byrd to third
Runner from 3rd tries for Home, SAFE, throw by CF to home
Mike Harkins to second
Batting: RHB Dusty Thompson 0-0: Ball
1-0: Called Strike
1-1: Sac Bunt to 3S - play at first, batter OUT! 3-4
Mike Harkins to third
Batting: RHB Bryan Peterson 0-0: Ball
1-0: Foul Ball, location: 2F
1-1: Ground out 5-3 (Groundball, 5S, EV 84.4 MPH)
Batting: RHB Donny Burnside 0-0: Ball
1-0: SINGLE (Line Drive, 7S, EV 105.0 MPH)
Mike Harkins scores
Batting: RHB Danny Burnside 0-0: Called Strike
Donny Burnside steals 2nd base (no throw)
0-1: Foul Ball, location: 2F
0-2: Foul Ball, location: 2F
0-2: Ball
1-2: SINGLE (Line Drive, 34, EV 100.0 MPH)
Donny Burnside to third
Runner from 3rd tries for Home, throw by RF and OUT! 9-2
Top of the 2nd over - 3 runs, 5 hits, 0 errors, 1 left on base; Toronto 4 - New York 0
BOTTOM OF THE 2ND
New York Yankees batting - Pitching for Toronto Blue Jays : RHP Tony Rios
Batting: LHB Aaron Joyner 0-0: Foul Ball, location: 2F
0-1: Ball
1-1: Called Strike
1-2: Ball
2-2: Ball
3-2: Strikes out swinging
Batting: RHB Devon Utley 0-0: Called Strike
0-1: Ground out 6-3 (Groundball, 6, EV 82.5 MPH)
Batting: RHB Eric Davis 0-0: Ball
1-0: Ball
2-0: Swinging Strike
2-1: Foul Ball, location: 2F
2-2: Reached on error, E7 (Flyball, 7, EV 81.2 MPH)
Batting: SHB Victor Ruiz 0-0: Swinging Strike
0-1: Foul Ball, location: 2F
0-2: Ball
1-2: Ball
2-2: SINGLE (Line Drive, 9LM, EV 103.1 MPH)
Eric Davis to third
Runner from 3rd tries for Home, SAFE, throw by RF to home
Batting: LHB Jared Zulkowski 0-0: Ball
1-0: Fly out, F7 (Flyball, 7LS, EV 93.8 MPH)
Bottom of the 2nd over - 1 run, 1 hit, 1 error, 1 left on base; Toronto 4 - New York 1
TOP OF THE 3RD
Toronto Blue Jays batting - Pitching for New York Yankees : RHP Bret Davies
Pitching: RHP Ricky Mercer
Batting: LHB Willis Robles 0-0: SINGLE (Flyball, 6MD, EV 96.9 MPH)
Batting: SHB Dominik Hasek II 0-0: Swinging Strike
0-1: Called Strike
Willis Robles steals 2nd base
0-2: SINGLE (Groundball, 6MD, EV 101.2 MPH)
Willis Robles to third
Runner from 3rd tries for Home, throw by CF and OUT! 8-2
Batting: RHB C.J. Richerson 0-0: Foul Ball, location: 2F
0-1: Ball
1-1: Grounds into double play, 6-4-3 (Groundball, 6M, EV 98.1 MPH)
Top of the 3rd over - 0 runs, 2 hits, 0 errors, 0 left on base; Toronto 4 - New York 1
BOTTOM OF THE 3RD
New York Yankees batting - Pitching for Toronto Blue Jays : RHP Tony Rios
Batting: RHB Ryan Neal 0-0: Swinging Strike
0-1: Foul Ball, location: 2F
0-2: Strikes out swinging
Batting: RHB Jose Tovar 0-0: Ball
1-0: SOLO HOME RUN (Flyball, 89XD, EV 110.0 MPH), Distance : 425 ft
Batting: LHB Joel Vera 0-0: Swinging Strike
0-1: Ball
1-1: Foul Ball, location: 2F
1-2: Ball
2-2: Strikes out swinging
Batting: SHB Mukhtar Wa'il 0-0: Fly out, F8 (Flyball, 8LD, EV 87.5 MPH)
Bottom of the 3rd over - 1 run, 1 hit, 0 errors, 0 left on base; Toronto 4 - New York 2
TOP OF THE 4TH
Toronto Blue Jays batting - Pitching for New York Yankees : RHP Ricky Mercer
Pitching: RHP Tim Catalano
Batting: LHB Michael Byrd 0-0: Called Strike
0-1: Ball
1-1: Foul Ball, location: 2F
1-2: Ball
2-2: Ball
3-2: Fly out, F9 (Flyball, 89D, EV 99.4 MPH)
Batting: RHB Mike Harkins 0-0: Swinging Strike
0-1: Ground out 6-3 (Groundball, 6, EV 87.5 MPH)
Batting: RHB Dusty Thompson 0-0: Ball
1-0: Ball
2-0: Ball
3-0: Fly out, F3 (Popup, 34, EV 63.8 MPH)
Top of the 4th over - 0 runs, 0 hits, 0 errors, 0 left on base; Toronto 4 - New York 2
BOTTOM OF THE 4TH
New York Yankees batting - Pitching for Toronto Blue Jays : RHP Tony Rios
Batting: LHB Aaron Joyner 0-0: Swinging Strike
0-1: Called Strike
0-2: Foul Ball, location: 2F
0-2: Foul Ball, location: 2F
0-2: Ball
1-2: Ball
2-2: Ball
3-2: Strikes out swinging
Batting: RHB Devon Utley 0-0: Swinging Strike
0-1: Swinging Strike
0-2: Strikes out swinging
Batting: RHB Eric Davis 0-0: Foul Ball, location: 2F
0-1: Hit by Pitch
Batting: SHB Victor Ruiz 0-0: Ball
1-0: Foul Ball, location: 2F
1-1: Swinging Strike
1-2: Ground out U3 (Groundball, 34, EV 91.9 MPH)
Bottom of the 4th over - 0 runs, 0 hits, 0 errors, 1 left on base; Toronto 4 - New York 2
TOP OF THE 5TH
Toronto Blue Jays batting - Pitching for New York Yankees : RHP Tim Catalano
Pitching: RHP Chad Curry
Now at 2B: Jeckel Hester
Now at 3B: Bartholomeu Chambino
Now in LF: Russ Shambaugh
Now in RF: Gus Berry
Batting: RHB Bryan Peterson 0-0: Ground out U3 (Groundball, 13, EV 82.5 MPH)
Batting: RHB Donny Burnside 0-0: Ball
1-0: SINGLE (Groundball, 6M, EV 108.8 MPH) (infield hit)
Pinch Hitting: SHB Hans Mikkelsen 0-0: Ball
1-0: SINGLE (Flyball, 8RM, EV 97.5 MPH)
Donny Burnside to second
Batting: LHB Willis Robles 0-0: Fielders Choice at 2nd, 1-4 (Groundball, 25, EV 71.2 MPH)
Donny Burnside to third
Pinch Hitting: RHB Danny Eberhart 0-0: Ball
1-0: Fly out, F8 (Flyball, 8RXD, EV 99.4 MPH)
Top of the 5th over - 0 runs, 2 hits, 0 errors, 2 left on base; Toronto 4 - New York 2
BOTTOM OF THE 5TH
New York Yankees batting - Pitching for Toronto Blue Jays : RHP Tony Rios
Pitching: RHP Ray Scifo
Now at 3B: Danny Eberhart
Now in CF: Justin Powell
Now in RF: Hans Mikkelsen
Batting: LHB Jared Zulkowski 0-0: Called Strike
0-1: Ball
1-1: Ball
2-1: Ball
3-1: Base on Balls
Batting: RHB Ryan Neal 0-0: Called Strike
0-1: Ball
1-1: Sac Bunt to 15 - play at first, batter OUT! 1-3
Jared Zulkowski to second
Batting: SHB Bartholomeu Chambino 0-0: Ball
1-0: Foul Ball, location: 2F
1-1: Swinging Strike
1-2: Strikes out swinging
Batting: SHB Gus Berry 0-0: Ball
1-0: Called Strike
1-1: Ball
2-1: SINGLE (Line Drive, 8LS, EV 104.4 MPH)
Jared Zulkowski to third
Runner from 3rd tries for Home, SAFE, throw by CF to home
Pinch Hitting: RHB Shiro Suehiro 0-0: Ball
1-0: Called Strike
1-1: Ground out 2-3 (Groundball, 13S, EV 71.9 MPH)
Bottom of the 5th over - 1 run, 1 hit, 0 errors, 1 left on base; Toronto 4 - New York 3
TOP OF THE 6TH
Toronto Blue Jays batting - Pitching for New York Yankees : RHP Chad Curry
Now at 1B: Shiro Suehiro
Pinch Hitting: RHB Brock Van Gilder 0-0: Called Strike
0-1: Ball
1-1: Foul Ball, location: 2F
1-2: Strikes out swinging
Batting: LHB Nate Dean 0-0: Called Strike
0-1: Ball
1-1: Foul Ball, location: 2F
1-2: Ground out 6-3 (Groundball, 6, EV 84.4 MPH)
Pinch Hitting: RHB Leo Mair 0-0: Swinging Strike
0-1: Ball
1-1: Swinging Strike
1-2: Ball
2-2: Fly out, F9 (Flyball, 9LS, EV 83.1 MPH)
Top of the 6th over - 0 runs, 0 hits, 0 errors, 0 left on base; Toronto 4 - New York 3
BOTTOM OF THE 6TH
New York Yankees batting - Pitching for Toronto Blue Jays : RHP Ray Scifo
Now at 2B: Danny Eberhart
Now at 3B: Leo Mair
Now at SS: Brock Van Gilder
Pinch Hitting: SHB Jay Gagnon 0-0: Ball
1-0: Ball
2-0: Ball
3-0: Base on Balls
Pitching: RHP Gilberto Dominguez
Batting: RHB Devon Utley 0-0: Called Strike
0-1: Ball
1-1: Ball
2-1: Ball
3-1: Base on Balls
Jay Gagnon to second
Batting: RHB Jeckel Hester 0-0: Called Strike
0-1: Ball
1-1: Grounds into double play, 4-6-3 (Groundball, 34, EV 103.1 MPH)
Jay Gagnon to third
Batting: RHB Russ Shambaugh 0-0: Ball
1-0: Called Strike
1-1: Called Strike
1-2: Ball
2-2: Ball
3-2: Ground out 6-3 (Groundball, 6MS, EV 78.8 MPH)
Bottom of the 6th over - 0 runs, 0 hits, 0 errors, 1 left on base; Toronto 4 - New York 3
TOP OF THE 7TH
Toronto Blue Jays batting - Pitching for New York Yankees : RHP Chad Curry
Pitching: RHP Andres Galindo
Now in CF: Jay Gagnon
Pinch Hitting: RHB Ryan Kinkead 0-0: Ball
1-0: Ball
2-0: Ball
3-0: Called Strike
3-1: Base on Balls
Batting: RHB Bryan Peterson 0-0: Ball
1-0: Ball
2-0: Bunted foul
2-1: Bunted foul
2-2: Strikes out looking
Batting: RHB Justin Powell 0-0: Swinging Strike
0-1: Grounds into double play, 1-4-3 (Groundball, P, EV 64.4 MPH)
Top of the 7th over - 0 runs, 0 hits, 0 errors, 0 left on base; Toronto 4 - New York 3
BOTTOM OF THE 7TH
New York Yankees batting - Pitching for Toronto Blue Jays : RHP Gilberto Dominguez
Pitching: RHP Mel Schultz
Now at C: Kyle Davis
Now at 1B: Ryan Kinkead
Batting: LHB Jared Zulkowski 0-0: Called Strike
0-1: Ball
1-1: Ground out 4-3 (Groundball, 4MD, EV 88.8 MPH)
Pitching: RHP Hoof Harted
Batting: RHB Ryan Neal 0-0: Foul Ball, location: 2F
0-1: Called Strike
0-2: Ground out 5-3 (Groundball, 5, EV 88.1 MPH)
Batting: SHB Bartholomeu Chambino 0-0: Called Strike
0-1: Foul Ball, location: 2F
0-2: Foul Ball, location: 2F
0-2: Strikes out swinging
Bottom of the 7th over - 0 runs, 0 hits, 0 errors, 0 left on base; Toronto 4 - New York 3
TOP OF THE 8TH
Toronto Blue Jays batting - Pitching for New York Yankees : RHP Andres Galindo
Pitching: RHP Antonio Castillo
Batting: SHB Hans Mikkelsen 0-0: Ball
1-0: Ball
2-0: Ball
3-0: Called Strike
3-1: Base on Balls
Pinch Hitting: RHB Bill Murray 0-0: Ball
1-0: Fly out, F8 (Flyball, 8LD, EV 99.4 MPH)
Batting: RHB Danny Eberhart 0-0: Foul Ball, location: 2F
0-1: Called Strike
Hans Mikkelsen is caught stealing 2nd base 2-4
0-2: SINGLE (Flyball, 6MD, EV 90.0 MPH)
Batting: RHB Brock Van Gilder 0-0: Ball
Danny Eberhart is caught stealing 2nd base 2-4
Top of the 8th over - 0 runs, 1 hit, 0 errors, 0 left on base; Toronto 4 - New York 3
BOTTOM OF THE 8TH
New York Yankees batting - Pitching for Toronto Blue Jays : RHP Hoof Harted
Now in LF: Bill Murray
Batting: SHB Gus Berry 0-0: Ball
1-0: Swinging Strike
1-1: Called Strike
1-2: Foul Ball, location: 2F
1-2: Strikes out looking
Batting: RHB Shiro Suehiro 0-0: Ball
1-0: Ball
2-0: Ball
3-0: Called Strike
3-1: Foul Ball, location: 2F
3-2: Foul Ball, location: 2F
3-2: Foul Ball, location: 2F
3-2: Base on Balls
Pitching: LHP Tim Franco
Pinch Hitting: RHB Adriaan Pieters 0-0: Ball
1-0: Ball
2-0: Called Strike
2-1: Grounds into double play, 4-6-3 (Groundball, 4, EV 86.2 MPH)
Bottom of the 8th over - 0 runs, 0 hits, 0 errors, 0 left on base; Toronto 4 - New York 3
TOP OF THE 9TH
Toronto Blue Jays batting - Pitching for New York Yankees : RHP Antonio Castillo
Pitching: LHP Zach Purvis
Now in LF: Adriaan Pieters
Now in CF: Russ Shambaugh
Batting: RHB Brock Van Gilder 0-0: Ball
1-0: Foul Ball, location: 2F
1-1: Ball
2-1: Ball
3-1: Base on Balls
Batting: LHB Nate Dean 0-0: Reached on error, E1 (Groundball, 13S, EV 72.5 MPH)
Brock Van Gilder to second
Batting: RHB Leo Mair 0-0: Foul Ball, location: 2F
0-1: Called Strike
0-2: Foul Ball, location: 2F
0-2: Ball
1-2: Ball
2-2: Ball
3-2: Base on Balls
Brock Van Gilder to third
Nate Dean to second
Batting: RHB Ryan Kinkead 0-0: Swinging Strike
0-1: Swinging Strike
0-2: Strikes out looking
Batting: RHB Kyle Davis 0-0: Ball
1-0: Called Strike
1-1: Ball
2-1: Foul Ball, location: 2F
2-2: Ball
3-2: Grounds into fielders choice 4-2 (Groundball, 34, EV 78.8 MPH)
Nate Dean to third
Leo Mair to second
Batting: RHB Justin Powell 0-0: Fly out, F8 (Flyball, 8LD, EV 103.8 MPH)
Top of the 9th over - 0 runs, 0 hits, 1 error, 3 left on base; Toronto 4 - New York 3
BOTTOM OF THE 9TH
New York Yankees batting - Pitching for Toronto Blue Jays : LHP Tim Franco
Pitching: RHP John Brice
Batting: RHB Devon Utley 0-0: Ball
1-0: Ball
2-0: Ball
3-0: Called Strike
3-1: Hit by Pitch
Batting: RHB Jeckel Hester 0-0: Sac Bunt to 15S - play at first, batter OUT! 1-3
Devon Utley to second
Batting: RHB Russ Shambaugh 0-0: Ball
1-0: Foul Ball, location: 2F
1-1: Ball
2-1: Ball
3-1: Foul Ball, location: 2F
3-2: Strikes out swinging
Pinch Hitting: RHB Mike Gifford 0-0: Swinging Strike
0-1: Called Strike
0-2: Ground out 1-3 (Groundball, 34S, EV 72.5 MPH)
Bottom of the 9th over - 0 runs, 0 hits, 0 errors, 1 left on base; Toronto 4 - New York 3
Sunday, July 16th , 2023 - OOTP Baseball 24.6 Build 69